AAA EAST
TOLEDO MUD HENS @ IOWA CUBS
07/21/2041
 
TOP OF THE 1ST
Toledo Mud Hens batting - Pitching for Iowa Cubs : LHP Orlando Soto
Pitching: LHP Orlando Soto
Batting: RHB Jesús Barajas 0-0: Swinging Strike
0-1: Ball
1-1: Bunt missed!
1-2: Ball
2-2: Strikes out swinging
Batting: RHB Tache Grigore 0-0: Foul Ball, location: 25FF
0-1: Foul Ball, location: 3F
0-2: Ball
1-2: Ball
2-2: Foul Ball, location: 9LSF
2-2: Ball
3-2: Base on Balls
Batting: LHB Eric Mason 0-0: Ball
1-0: Foul Ball, location: 7LSF
1-1: Grounds into double play, 3-6-3 (Groundball, 3, EV 96.3 MPH)
Top of the 1st over - 0 runs, 0 hits, 0 errors, 0 left on base; Toledo 0 - Iowa 0
BOTTOM OF THE 1ST
Iowa Cubs batting - Pitching for Toledo Mud Hens : LHP António Salas
Pitching: LHP António Salas
Batting: RHB José Rosário 0-0: Called Strike
0-1: Fly out, F7 (Flyball, 7S, EV 94.4 MPH)
Batting: RHB Ed Tipton 0-0: Ball
1-0: SOLO HOME RUN (Flyball, 9D, EV 101.9 MPH), Distance : 381 ft
Batting: RHB José Féliz 0-0: Ball
1-0: Ball
2-0: Foul Ball, location: 2F
2-1: Ball
3-1: Base on Balls
Batting: RHB Charlie Roe 0-0: Swinging Strike
0-1: Fly out, F8 (Flyball, 8LXD, EV 101.3 MPH)
Batting: LHB Joe Walter 0-0: Called Strike
0-1: Fly out, F8 (Flyball, 89S, EV 75.6 MPH)
Bottom of the 1st over - 1 run, 1 hit, 0 errors, 1 left on base; Toledo 0 - Iowa 1
TOP OF THE 2ND
Toledo Mud Hens batting - Pitching for Iowa Cubs : LHP Orlando Soto
Batting: RHB Tony Blevins 0-0: Foul Ball, location: 2F
0-1: Called Strike
0-2: Ball
1-2: Ball
2-2: Ball
3-2: Foul Ball, location: 9LDF
3-2: Strikes out swinging
Batting: SHB Loc Dang 0-0: Ball
1-0: Ball
2-0: Ball
3-0: Called Strike
3-1: Base on Balls
Batting: LHB Jon Bray 0-0: Fielders Choice at 2nd, 4-6 (Groundball, 4, EV 102.5 MPH)
Batting: RHB Don Lewis 0-0: Foul Ball, location: 9LSF
0-1: Ball
1-1: Foul Ball, location: 2F
1-2: Foul Ball, location: 25F
1-2: Fly out, F8 (Line Drive, 8RM, EV 90.6 MPH)
Top of the 2nd over - 0 runs, 0 hits, 0 errors, 1 left on base; Toledo 0 - Iowa 1
BOTTOM OF THE 2ND
Iowa Cubs batting - Pitching for Toledo Mud Hens : LHP António Salas
Batting: RHB Jimmy Shaw 0-0: Ball
1-0: Ball
2-0: Ground out 6-3 (Groundball, 6, EV 101.9 MPH)
Batting: RHB Víctor Aquino 0-0: Ball
1-0: Ball
2-0: Ball
3-0: Base on Balls
Batting: LHB Stan West 0-0: Ball
1-0: Called Strike
1-1: Foul Ball, location: 2F
1-2: Fielders Choice at 2nd, 4-6 (Groundball, 34S, EV 90.6 MPH)
Batting: RHB Wilson Díaz 0-0: DOUBLE (Flyball, 8LD, EV 106.9 MPH)
Stan West to third
Batting: RHB José Rosário 0-0: Foul Ball, location: 5DF
0-1: Ball
1-1: Foul Ball, location: 2F
1-2: Foul Ball, location: 5F
1-2: Fly out, F7 (Flyball, 7S, EV 89.4 MPH)
Bottom of the 2nd over - 0 runs, 1 hit, 0 errors, 2 left on base; Toledo 0 - Iowa 1
TOP OF THE 3RD
Toledo Mud Hens batting - Pitching for Iowa Cubs : LHP Orlando Soto
Batting: RHB Doug Foley 0-0: Ball
1-0: Called Strike
1-1: Foul Ball, location: 5F
1-2: Ground out 5-3 (Groundball, 5, EV 83.1 MPH)
Batting: RHB William Beauvais 0-0: Called Strike
0-1: Called Strike
0-2: Strikes out looking
Batting: RHB Jesús Barajas 0-0: Called Strike
0-1: Foul Ball, location: 2LF
0-2: Strikes out looking
Top of the 3rd over - 0 runs, 0 hits, 0 errors, 0 left on base; Toledo 0 - Iowa 1
BOTTOM OF THE 3RD
Iowa Cubs batting - Pitching for Toledo Mud Hens : LHP António Salas
Batting: RHB Ed Tipton 0-0: Called Strike
0-1: Ball
1-1: Ball
2-1: Ground out 6-3 (Groundball, 6, EV 81.9 MPH)
Batting: RHB José Féliz 0-0: Swinging Strike
0-1: Ball
1-1: Fly out, F6 (Popup, 15, EV 87.5 MPH)
Batting: RHB Charlie Roe 0-0: Foul Ball, location: 23F
0-1: Ball
1-1: Ball
2-1: Foul Ball, location: 2F
2-2: Foul Ball, location: 2F
2-2: Ball
3-2: Foul Ball, location: 2F
3-2: Strikes out swinging, 2-3 out at first.
Bottom of the 3rd over - 0 runs, 0 hits, 0 errors, 0 left on base; Toledo 0 - Iowa 1
TOP OF THE 4TH
Toledo Mud Hens batting - Pitching for Iowa Cubs : LHP Orlando Soto
Batting: RHB Tache Grigore 0-0: Ball
1-0: Foul Ball, location: 3F
1-1: Ground out 5-3 (Groundball, 56S, EV 85.0 MPH)
Batting: LHB Eric Mason 0-0: Called Strike
0-1: Swinging Strike
0-2: Ball
1-2: Ball
2-2: Strikes out swinging
Batting: RHB Tony Blevins 0-0: Swinging Strike
0-1: Ball
1-1: Foul Ball, location: 9LMF
1-2: Ground out 5-3 (Groundball, 5, EV 78.1 MPH)
Top of the 4th over - 0 runs, 0 hits, 0 errors, 0 left on base; Toledo 0 - Iowa 1
BOTTOM OF THE 4TH
Iowa Cubs batting - Pitching for Toledo Mud Hens : LHP António Salas
Batting: LHB Joe Walter 0-0: Called Strike
0-1: Swinging Strike
0-2: Ball
1-2: Fly out, F3 (Popup, 3SF, EV 65.6 MPH)
Batting: RHB Jimmy Shaw 0-0: Ground out 5-3 (Groundball, 5L, EV 86.3 MPH)
Batting: RHB Víctor Aquino 0-0: Called Strike
0-1: Called Strike
0-2: Ball
1-2: Ball
2-2: Foul Ball, location: 2F
2-2: Ball
3-2: Ground out U3 (Groundball, 34, EV 85.6 MPH)
Bottom of the 4th over - 0 runs, 0 hits, 0 errors, 0 left on base; Toledo 0 - Iowa 1
TOP OF THE 5TH
Toledo Mud Hens batting - Pitching for Iowa Cubs : LHP Orlando Soto
Batting: SHB Loc Dang 0-0: Fly out, F6 (Popup, 6, EV 70.6 MPH)
Batting: LHB Jon Bray 0-0: SINGLE (Line Drive, 7LM, EV 98.1 MPH)
Batting: RHB Don Lewis 0-0: Ball
1-0: 2-RUN HOME RUN (Flyball, 7LD, EV 94.4 MPH), Distance : 342 ft
Batting: RHB Doug Foley 0-0: Ball
1-0: SINGLE (Line Drive, 6MD, EV 99.4 MPH)
Batting: RHB William Beauvais 0-0: Swinging Strike
0-1: Ball
1-1: Called Strike
1-2: Strikes out swinging
Batting: RHB Jesús Barajas 0-0: Ground out 4-3 (Groundball, 4, EV 108.1 MPH)
Top of the 5th over - 2 runs, 3 hits, 0 errors, 1 left on base; Toledo 2 - Iowa 1
BOTTOM OF THE 5TH
Iowa Cubs batting - Pitching for Toledo Mud Hens : LHP António Salas
Batting: LHB Stan West 0-0: Ball
1-0: Foul Ball, location: 2F
1-1: Ground out 1-3 (Groundball, 13S, EV 62.5 MPH)
Batting: RHB Wilson Díaz 0-0: Foul Ball, location: 3SF
0-1: Ball
1-1: Ball
2-1: Fly out, F9 (Flyball, 9D, EV 108.1 MPH)
Batting: RHB José Rosário 0-0: Ball
1-0: SINGLE (Groundball, 6MS, EV 65.0 MPH) (infield hit)
Batting: RHB Ed Tipton 0-0: Called Strike
José Rosário is caught stealing 2nd base 2-4
Bottom of the 5th over - 0 runs, 1 hit, 0 errors, 0 left on base; Toledo 2 - Iowa 1
TOP OF THE 6TH
Toledo Mud Hens batting - Pitching for Iowa Cubs : LHP Orlando Soto
Batting: RHB Tache Grigore 0-0: Foul Ball, location: 25F
0-1: Ball
1-1: Ball
2-1: DOUBLE (Line Drive, 8RXD, EV 105.0 MPH)
Batting: LHB Eric Mason 0-0: Ball
1-0: Ground out 3-1 (Groundball, 34, EV 89.4 MPH)
Tache Grigore to third
Batting: RHB Tony Blevins 0-0: Called Strike
0-1: Ball
1-1: Ball
2-1: Swinging Strike
2-2: Ball
3-2: Fly out, F8 (Flyball, 8RD, EV 101.3 MPH)
Runner from 3rd tags up, SCORES, no throw by CF
Batting: SHB Loc Dang 0-0: Ball
1-0: Called Strike
1-1: Ground out 4-3 (Groundball, 4MD, EV 103.8 MPH)
Top of the 6th over - 1 run, 1 hit, 0 errors, 0 left on base; Toledo 3 - Iowa 1
BOTTOM OF THE 6TH
Iowa Cubs batting - Pitching for Toledo Mud Hens : LHP António Salas
Batting: RHB Ed Tipton 0-0: Ball
1-0: Foul Ball, location: 2F
1-1: Hit by Pitch
Batting: RHB José Féliz 0-0: Called Strike
0-1: Swinging Strike
0-2: Foul Ball, location: 7LSF
0-2: Strikes out looking
Batting: RHB Charlie Roe 0-0: Ball
1-0: Grounds into double play, 6-4-3 (Groundball, 6M, EV 84.4 MPH)
Bottom of the 6th over - 0 runs, 0 hits, 0 errors, 0 left on base; Toledo 3 - Iowa 1
TOP OF THE 7TH
Toledo Mud Hens batting - Pitching for Iowa Cubs : LHP Orlando Soto
Batting: LHB Jon Bray 0-0: Called Strike
0-1: Foul Ball, location: 7LDF
0-2: Ball
1-2: Ball
2-2: Fly out, F8 (Flyball, 8LD, EV 94.4 MPH)
Batting: RHB Don Lewis 0-0: Ball
1-0: Ball
2-0: Ball
3-0: Called Strike
3-1: Called Strike
3-2: Base on Balls
Batting: RHB Doug Foley 0-0: Called Strike
0-1: Ball
1-1: Foul Ball, location: 2F
1-2: Ball
2-2: Fly out, F8 (Flyball, 8LD, EV 101.9 MPH)
Pitching: RHP Jeff Finley
Batting: RHB William Beauvais 0-0: Fly out, F8 (Flyball, 8LD, EV 96.3 MPH)
Top of the 7th over - 0 runs, 0 hits, 0 errors, 1 left on base; Toledo 3 - Iowa 1
BOTTOM OF THE 7TH
Iowa Cubs batting - Pitching for Toledo Mud Hens : LHP António Salas
Batting: LHB Joe Walter 0-0: Called Strike
0-1: Fly out, F8 (Flyball, 78XD, EV 111.3 MPH)
Batting: RHB Jimmy Shaw 0-0: Ground out 1-3 (Groundball, 23, EV 71.3 MPH)
Batting: RHB Víctor Aquino 0-0: Called Strike
0-1: Ground out 5-3 (Groundball, 56S, EV 75.6 MPH)
Bottom of the 7th over - 0 runs, 0 hits, 0 errors, 0 left on base; Toledo 3 - Iowa 1
TOP OF THE 8TH
Toledo Mud Hens batting - Pitching for Iowa Cubs : RHP Jeff Finley
Batting: RHB Jesús Barajas 0-0: Called Strike
0-1: Swinging Strike
0-2: Strikes out swinging
Batting: RHB Tache Grigore 0-0: Ball
1-0: Ground out 6-3 (Groundball, 6, EV 87.5 MPH)
Batting: LHB Eric Mason 0-0: Called Strike
0-1: Ball
1-1: Ball
2-1: Foul Ball, location: 2F
2-2: Ball
3-2: SINGLE (Groundball, 4MD, EV 98.8 MPH)
Batting: RHB Tony Blevins 0-0: Called Strike
0-1: Called Strike
0-2: Ground out 5-3 (Groundball, 56S, EV 65.6 MPH)
Top of the 8th over - 0 runs, 1 hit, 0 errors, 1 left on base; Toledo 3 - Iowa 1
BOTTOM OF THE 8TH
Iowa Cubs batting - Pitching for Toledo Mud Hens : LHP António Salas
Pinch Hitting: RHB Tony Aguirre 0-0: Swinging Strike
0-1: Swinging Strike
0-2: Ball
1-2: Foul Ball, location: 2F
1-2: Fly out, F7 (Flyball, 7S, EV 77.5 MPH)
Batting: RHB Wilson Díaz 0-0: Called Strike
0-1: Ball
1-1: DOUBLE (Line Drive, 89D, EV 103.1 MPH)
Batting: RHB José Rosário 0-0: Ground out 6-3 (Groundball, 6, EV 76.9 MPH)
Batting: RHB Ed Tipton 0-0: Ball
1-0: Called Strike
1-1: DOUBLE (Flyball, 8LXD, EV 97.5 MPH)
Wilson Díaz scores
Batting: RHB José Féliz 0-0: Ball
1-0: SINGLE (Groundball, 3D, EV 98.1 MPH)
Ed Tipton to third
Runner from 3rd tries for Home, SAFE, throw by RF to home
Batting: RHB Charlie Roe 0-0: Foul Ball, location: 2F
0-1: Ball
1-1: Fly out, F8 (Flyball, 78D, EV 105.6 MPH)
Bottom of the 8th over - 2 runs, 3 hits, 0 errors, 1 left on base; Toledo 3 - Iowa 3
TOP OF THE 9TH
Toledo Mud Hens batting - Pitching for Iowa Cubs : RHP Jeff Finley
Now in LF: Raúl Soto
Now in CF: Víctor Aquino
Batting: SHB Loc Dang 0-0: Fly out, F7 (Line Drive, 7, EV 85.6 MPH)
Batting: LHB Jon Bray 0-0: Ball
1-0: Ball
2-0: Called Strike
2-1: Ground out 6-3 (Groundball, 6, EV 86.3 MPH)
Batting: RHB Don Lewis 0-0: Ball
1-0: Ball
2-0: Ball
3-0: Called Strike
3-1: DOUBLE (Line Drive, 9LS, EV 102.5 MPH)
Pinch Hitting: LHB Omar Padilla 0-0: Intentional Walk
Pinch Hitting: LHB José García 0-0: Ground out 4-3 (Groundball, 4, EV 100.6 MPH)
Top of the 9th over - 0 runs, 1 hit, 0 errors, 2 left on base; Toledo 3 - Iowa 3
BOTTOM OF THE 9TH
Iowa Cubs batting - Pitching for Toledo Mud Hens : LHP António Salas
Now at C: Josh Adams
Now at 1B: Omar Padilla
Pinch Hitting: RHB Donmaz Chavchavadze 0-0: Ball
1-0: Ball
2-0: Foul Ball, location: 5FF
2-1: DOUBLE (Line Drive, 78D, EV 110.0 MPH)
Batting: RHB Jimmy Shaw 0-0: Called Strike
0-1: Ball
1-1: Ball
2-1: Ball
3-1: Fly out, F7 (Flyball, 78S, EV 85.0 MPH)
Pitching: RHP Mario Herrera
Batting: RHB Víctor Aquino 0-0: SINGLE (Groundball, 6S, EV 68.1 MPH) (infield hit)
Donmaz Chavchavadze to third
Pitching: LHP Orlando García
Batting: LHB Raúl Soto 0-0: Called Strike
0-1: Ball
1-1: Foul Ball, location: 2F
1-2: Ball
2-2: Ball
3-2: Strikes out looking
Batting: RHB Wilson Díaz 0-0: Foul Ball, location: 2F
0-1: Ball
1-1: Ball
2-1: Fly out, F2 (Popup, 25F, EV 76.9 MPH)
Bottom of the 9th over - 0 runs, 2 hits, 0 errors, 2 left on base; Toledo 3 - Iowa 3
TOP OF THE 10TH
Toledo Mud Hens batting - Pitching for Iowa Cubs : RHP Jeff Finley
Pitching: RHP Ed Weber
Now at 1B: Donmaz Chavchavadze
Batting: RHB Jesús Barajas 0-0: Foul Ball, location: 2F
0-1: Ball
1-1: Foul Ball, location: 2F
1-2: Ball
2-2: Ball
3-2: Foul Ball, location: 23F
3-2: Ground out 6-3 (Groundball, 6, EV 81.3 MPH)
Batting: RHB Tache Grigore 0-0: Foul Ball, location: 9LSF
0-1: Swinging Strike
0-2: Ball
1-2: Ground out 6-3 (Groundball, 56, EV 101.3 MPH)
Batting: LHB Eric Mason 0-0: Ball
1-0: Ground out 3-1 (Groundball, 34S, EV 93.1 MPH)
Top of the 10th over - 0 runs, 0 hits, 0 errors, 0 left on base; Toledo 3 - Iowa 3
BOTTOM OF THE 10TH
Iowa Cubs batting - Pitching for Toledo Mud Hens : LHP Orlando García
Batting: RHB José Rosário 0-0: Ball
1-0: Ball
2-0: Foul Ball, location: 2F
2-1: Foul Ball, location: 7LMF
2-2: Foul Ball, location: 2F
2-2: Ball
3-2: Base on Balls
Batting: RHB Ed Tipton 0-0: Sac Bunt to 2L - play at first, batter OUT! 2-3
José Rosário to second
Batting: RHB José Féliz 0-0: Called Strike
0-1: Ball
1-1: Swinging Strike
1-2: Foul Ball, location: 2F
1-2: Strikes out swinging
Batting: RHB Charlie Roe 0-0: Ball
1-0: Ball
2-0: Called Strike
2-1: Hit by Pitch
Pitching: RHP Willie Day
Batting: RHB Donmaz Chavchavadze 0-0: Ball
1-0: Called Strike
1-1: Ball
2-1: Fly out, F9 (Flyball, 9LS, EV 88.8 MPH)
Bottom of the 10th over - 0 runs, 0 hits, 0 errors, 2 left on base; Toledo 3 - Iowa 3
TOP OF THE 11TH
Toledo Mud Hens batting - Pitching for Iowa Cubs : RHP Ed Weber
Batting: RHB Tony Blevins 0-0: Swinging Strike
0-1: Fly out, F7 (Flyball, 7D, EV 100.6 MPH)
Batting: SHB Loc Dang 0-0: Ball
1-0: Ground out 5-3 (Groundball, 56, EV 100.6 MPH)
Batting: LHB Jon Bray 0-0: Called Strike
0-1: Foul Ball, location: 2F
0-2: Strikes out looking
Top of the 11th over - 0 runs, 0 hits, 0 errors, 0 left on base; Toledo 3 - Iowa 3
BOTTOM OF THE 11TH
Iowa Cubs batting - Pitching for Toledo Mud Hens : RHP Willie Day
Batting: RHB Jimmy Shaw 0-0: Called Strike
0-1: Ball
1-1: DOUBLE (Flyball, 89D, EV 94.4 MPH)
Batting: RHB Víctor Aquino 0-0: Sac Bunt to 25 - play at first, batter OUT! 5-3
Jimmy Shaw to third
Batting: LHB Raúl Soto 0-0: Ball
1-0: Called Strike
1-1: Ball
2-1: Called Strike
2-2: Foul Ball, location: 2RF
2-2: 2-RUN HOME RUN (Flyball, 9D, EV 100.0 MPH), Distance : 383 ft
Bottom of the 11th over - 2 runs, 2 hits, 0 errors, 0 left on base; Toledo 3 - Iowa 5
Monday, April 1st , 2024 - OOTP Baseball 24.10 Build 82